 Dungeon Crawl Stone Soup version 0.22-a0-422-g9628fc87f1 (webtiles) character file.

92 AnimeWaifu the Sneak (level 4, -1/18 HPs)
             Began as a Felid Enchanter on May 16, 2018.
             Was an Initiate of Cheibriados.
             Slain by an orc
             ... wielding a +0 falchion
              (5 damage)
             ... on level 3 of the Dungeon.
             The game lasted 00:05:32 (3239 turns).

AnimeWaifu the Sneak (Felid Enchanter)              Turns: 3239, Time: 00:05:32

Health: -1/18      AC:  1    Str:  5    XL:     4   Next: 35%
Magic:  1/8        EV: 18    Int: 18    God:    Cheibriados [......]
Gold:   121        SH:  0    Dex: 17    Spells: 1/7 levels left
                                        Lives:  0   Deaths: 1

rFire    . . .     SeeInvis +     - Unarmed
rCold    . . .     Gourm    .   (shield unavailable)
rNeg     . . .     Faith    .   (armour unavailable)
rPois    .         Spirit   .   (helmet unavailable)
rElec    .         Reflect  .   (cloak unavailable)
rCorr    .         Harm     .   (gloves unavailable)
MR       .....                  (boots unavailable)
Stlth    ++++......             (no amulet)
HPRegen  0.06/turn              (no ring)
MPRegen  0.11/turn              (no ring)

@: hasted, very quick
A: very small, no armour, no weapons or thrown items, stealth, claws 1, fangs 3,
see invisible, carnivore, speed 1, shaggy fur 1, slow metabolism 1, sharp paws
a: Bend Time, Renounce Religion


You were on level 3 of the Dungeon.
You worshipped Cheibriados.
Cheibriados was noncommittal.
You were completely stuffed.

You visited 1 branch of the dungeon, and saw 3 of its levels.

You collected 121 gold pieces.

Inventory:

Scrolls
 d - 2 scrolls of identify
 g - a scroll of fear {unknown}
Potions
 a - a potion of curing
 c - 3 potions of mutation
Comestibles
 b - 4 rations
 f - a chunk of flesh


   Skills:
 - Level 2.6 Dodging
 + Level 6.4 Stealth
 + Level 3.4 Unarmed Combat
 - Level 2.0 Spellcasting
 - Level 4.4 Hexes


You had one spell level left.
You knew the following spells:

 Your Spells              Type           Power        Failure   Level  Hunger
a - Corona                Hex            ###....      3%          1    #......
b - Ensorcelled Hibernat  Hex/Ice        #.....       11%         2    ###....
c - Confuse               Hex            ###.....     9%          3    ###....

Your spell library contained the following spells:

 Spells                   Type           Power        Failure   Level  Hunger
 Tukima's Dance           Hex            ###.....     9%          3    ###....
 Dazzling Spray           Conj/Hex       #.....       22%         3    ###....


Dungeon Overview and Level Annotations

Branches:
Dungeon (3/15)

Altars:
Cheibriados
Kikubaaqudgha


Innate Abilities, Weirdness & Mutations

You cannot wear armour.
You are incapable of wielding weapons or throwing items.
Your paws allow you to move quietly. (Stealth)
You have sharp claws.
You have razor-sharp teeth.
You have supernaturally acute eyesight. (SInv)
You are carnivorous and can eat meat at any time.
You cover ground quickly.
You are covered in fur. (AC +1)
You have a slow metabolism.
Your sharp claws are effective at attacking unaware monsters.


Message History

The orc wizard is moderately wounded.
You scratch the orc wizard but do no damage.
Your bite misses the orc wizard.
The orc wizard is moderately wounded.
The orc wizard hits you with a dagger.
* * * LOW HITPOINT WARNING * * *
You closely miss the orc wizard.
The orc wizard is moderately wounded.
The orc wizard misses you. The orc misses you.
You scratch the orc wizard.
The orc wizard is heavily wounded.
The orc wizard misses you. The orc completely misses you.
You closely miss the orc wizard.
The orc wizard is heavily wounded.
The orc wizard completely misses you.
You scratch the orc wizard.
The orc wizard is severely wounded.
The orc wizard casts a spell at you. You resist with some effort.
The orc hits you with a falchion.
You die...

##..o### .. .......
#.# .[...## #.# .....
... ... #.# #.# #.#
#.# ###.##### #o#
#.......# ##@##
#.#.###.###.o.##
###.#)# #.##.....##
#.....# #.#.......##
###.#...###..........#
.....................+
###.#...###..........#
#.#.......#.......##
#.##########.....##


You could see an orc wizard and an orc.

Vanquished Creatures
  An orc priest (D:3)
  4 adders
  A worm (D:2)
  4 dart slugs
  2 leopard geckos (D:2)
  7 orcs
  A ball python (D:2)
  A giant cockroach (D:2)
  3 goblins
  6 hobgoblins
  4 jackals (D:1)
  10 kobolds
  2 quokkas (D:2)
  3 bats
  5 frilled lizards
  4 rats
58 creatures vanquished.

Notes
Turn   | Place    | Note
-------+----------+-------------------------------------------
     0 | D:1      | AnimeWaifu the Felid Enchanter began the quest for the Orb.
     0 | D:1      | Reached XP level 1. HP: 7/7 MP: 4/4
   449 | D:1      | Reached XP level 2. HP: 5/11 MP: 3/6
   453 | D:1      | Learned a level 2 spell: Ensorcelled Hibernation
  1053 | D:1      | Reached skill level 5 in Stealth
  1462 | D:2      | Reached XP level 3. HP: 14/14 MP: 7/7
  1922 | D:2      | Learned a level 3 spell: Confuse
  1959 | D:2      | Found a snail-covered altar of Cheibriados.
  1959 | D:2      | Found an ancient bone altar of Kikubaaqudgha.
  2053 | D:2      | Became a worshipper of Cheibriados the Contemplative
  2178 | D:2      | Reached XP level 4. HP: 18/18 MP: 8/8
  2799 | D:2      | Slain by an orc
  2800 | D:2      | Reached XP level 3. HP: -5/14 MP: 0/7
  2985 | D:3      | Reached skill level 6 in Stealth
  2985 | D:3      | Reached XP level 4. HP: 18/18 MP: 3/8
  3239 | D:3      | Slain by an orc

Vault maps used:
D:1:      minmay_arrival_four_houses
D:2:      gammafunk_temple_overflow_wave
D:3:      zin_purify, nicolae_overflow_hidden_temple,
          chequers_ecumenical_altar_grove

Skill      XL: |  1  2  3  4 |
---------------+-------------+-----
Unarmed Combat | 2 3 |  3.4
Stealth        | 5 6 |  6.4
Dodging        | |  2.6
Spellcasting   | |  2.0
Hexes          | |  4.4

Action                   |  1- 3 |  4- 6 || total
-------------------------+-------+-------++-------
Melee: Unarmed           |    92 |    37 ||   129
       Bite              |     6 |     1 ||     7
       Punch             |     1 |       ||     1
 Cast: Corona            |     6 |       ||     6
       Ensorcelled Hiber |    38 |    17 ||    55
       Confuse           |       |     2 ||     2
  Use: Scroll            |     2 |     1 ||     3
       Potion            |       |     2 ||     2
 Stab: Sleeping          |    28 |     9 ||    37
  Eat: Chunk             |    10 |     5 ||    15
Armor: Skin              |     6 |     1 ||     7
Dodge: Dodged            |    59 |    33 ||    92

Table legend:
 A = Spawn XP
 B = Non-spawn XP
 C = Spawn XP percentage of total XP
 D = Spawn monster count
 E = Non-spawn monster count
 F = Spawn count percentage of total count
 G = Total turns spent on level
                    A         B        C        D         E        F      G
               +---------+---------+-------+---------+---------+-------+---------
         Total |       0 |     203 |   0.0 |       0 |      58 |   0.0 |  3239
               +---------+---------+-------+---------+---------+-------+---------
           D:1 |       0 |      40 |   0.0 |       0 |      23 |   0.0 |  1466
           D:2 |       0 |      96 |   0.0 |       0 |      28 |   0.0 |  1504
           D:3 |       0 |      67 |   0.0 |       0 |       7 |   0.0 |   269
               +---------+---------+-------+---------+---------+-------+---------
